 Dungeon Sprint DCSS version 0.29.1-15-g9cfb28693d (webtiles) character file.

Game seed: 3345917869431429043

19330 Groucho the Imperceptible (level 10, -9/59 HPs)
             Began as a Felid Berserker on Apr 12, 2023.
             Was the Champion of Trog.
             Mangled by a spriggan defender
             ... wielding a +0 dagger
              (22 damage)
             ... in the Dungeon (Sprint III: "The Ten Rune Challenge").
             The game lasted 00:10:54 (2642 turns).

Groucho the Imperceptible (Felid Berserker)         Turns: 2642, Time: 00:10:55

Health: -9/59      AC:  3    Str: 16    XL:     10   Next: 64%
Magic:  11/11      EV: 36    Int:  8    God:    Trog [******]
Gold:   36         SH:  0    Dex: 20    Spells: 9/9 levels left
                                        Lives:  0   Deaths: 3

rFire   . . .      SeeInvis +     - Unarmed
rCold   + . .      Faith    .   (shield unavailable)
rNeg    . . .      Spirit   .   (body armour unavailable)
rPois   .          Reflect  .   (helmet unavailable)
rElec   .          Harm     .   (cloak unavailable)
rCorr   .          Rampage  .   (gloves unavailable)
Will    +....      NoTele   +   (boots unavailable)
Stlth   ++++++++++              (no amulet)
HPRegen 0.19/turn               (no ring)
MPRegen 0.12/turn               (no ring)

@: quick
A: very small, claws 1, fangs 3, see invisible, speed 1, shaggy fur 3, stealthy
paws, no weapons or thrown items, no armour, multi-lived, camouflage 1, agile 1
}: 1/10 runes: decaying
a: Renounce Religion, Berserk, Trog's Hand, Brothers in Arms


You were in the Dungeon.
You worshipped Trog.
Trog was exalted by your worship.
You visited 1 branch You collected 36 gold pieces.

Inventory:

Scrolls
 f - a scroll of fear {unknown}
 g - a scroll of amnesia {unknown}
 h - 2 scrolls of immolation {unknown}
 i - a scroll of identify {unknown}
 j - a scroll of summoning {unknown}
Potions
 a - 5 potions of curing
 b - a potion of brilliance {unknown}
 c - a potion of haste
 d - 2 potions of magic
 e - 2 potions of berserk rage
 l - a potion of mutation
 m - a potion of might


   Skills:
 + Level 16.7 Fighting
 + Level 21.2 Dodging
 - Level 23.0 Stealth
 + Level 16.7 Unarmed Combat


You had 9 spell levels left.
You didn't know any spells.
Your spell library was empty.

Dungeon Overview and Level Annotations

Branches:
Dungeon (1/1)

Altars:
Cheibriados
Dithmenos
Elyvilon
Fedhas
Gozag
Hepliaklqana
Kikubaaqudgha
Makhleb
Nemelex Xobeh
Okawaru
Qazlal
Ru
Sif Muna
Trog
Uskayaw
Vehumet
Wu Jian
Xom
Yredelemnul
Zin
The Shining One
Jiyva
Lugonu

Shops:
D :[?


Innate Abilities, Weirdness & Mutations

You have sharp claws.
You have razor-sharp teeth.
You have supernaturally acute eyesight. (SInv)
You cover ground quickly. (Speed+)
Your thick and shaggy fur keeps you warm. (AC +3, rC+)
Your paws help you pounce on unaware monsters.
You are incapable of wielding weapons or throwing items.
You cannot wear armour.
You gain extra lives every three experience levels.
Your skin changes colour to match your surroundings (Stealth+).
You are agile. (Dex +4, Str/Int -1)


Message History

The spriggan defender completely misses the plant.
You are too injured to fight recklessly!
You are too injured to fight recklessly!
You are too injured to fight recklessly!
Unknown command.
You are too injured to fight recklessly!
You are too injured to fight recklessly!
You are too injured to fight recklessly!
You claw the spriggan defender! You bite the spriggan defender!
The spriggan defender is heavily wounded.
The spriggan defender closely misses you.
The spriggan defender misses you.
The spriggan defender hits you with a +0 dagger!
You mangle the spriggan defender!!
You kill the spriggan defender!
Trog accepts your kill.
The spriggan defender completely misses you.
The spriggan defender misses you.
The spriggan defender completely misses you.
The spriggan defender misses you.
The spriggan defender hits you with a +0 dagger.
* * * LOW HITPOINT WARNING * * *
The spriggan defender closely misses you.
Things that are here:
a +0 dagger; a spriggan corpse You are too injured to fight recklessly!
You mangle the spriggan defender!!
The spriggan defender is moderately wounded.
The spriggan defender barely misses you.
The spriggan defender completely misses you.
The spriggan defender misses you.
Unknown command.
You closely miss the spriggan defender. Your claw misses the spriggan defender.
You bite the spriggan defender.
The spriggan defender is lightly wounded.
The spriggan defender hits you with a +0 dagger.
* * * LOW HITPOINT WARNING * * *
The spriggan defender barely misses you.
The spriggan defender hits you with a +0 dagger!!
You die...

##.÷.#..(...#
.....#♣♣♣._.#
###### #####
##########
######
#$.P......
#....#
#PP.....#
#†...#
#Pii..#
#...P#
#.@i###
♣#...## #.###
♣~####♣♣ #+#
♣♣~....♣
♣♣♣♣♣D♣
~~.○..D.♣
..D~○D..♣
~~~○°P.P♣
♣♣♣♣♣∩∩∩♣


You could see 3 spriggan defenders.

Vanquished Creatures
  Sigmund (D)
  Xtahua (D)
  Rupert (D)
  2 fire dragons (D)
  3 hydras (D)
  Erica (D)
  A centaur warrior (D)
  2 death yaks (D)
  Urug (D)
  A death drake (D)
  A lindwurm (D)
  A deep elf pyromancer (D)
  2 cane toads (D)
  A komodo dragon (D)
  2 unseen horrors (D)
  A rime drake (D)
  A spriggan defender (D)
  2 tyrant leeches (D)
  6 blink frogs (D)
  3 wandering mushrooms (D)
  A shadow (D)
  3 redbacks (D)
  A spatial vortex (D)
  A swamp drake (D)
  2 centaurs (D)
  An earth elemental (D)
  A necrophage (D)
  A water elemental (D)
  An electric eel (D)
  A jelly (D)
  A wizard (D)
  A necromancer (D)
  3 humans (D)
  A kobold demonologist (D)
  A phantom (D)
  An endoplasm (D)
  3 rats (D)
58 creatures vanquished.

Vanquished Creatures (collateral kills)
  A spriggan druid (D)
  Edmund (D)
  A queen bee (D)
  2 spriggans (D)
  32 killer bees (D)
37 creatures vanquished.

Vanquished Creatures (others)
  A plant (D)
1 creature vanquished.

Grand Total: 96 creatures vanquished

Notes
Turn   | Place    | Note
-------+----------+-------------------------------------------
     0 | D        | Groucho the Felid Berserker began the quest for the Orb.
     0 | D        | Reached XP level 1. HP: 10/10 MP: 2/2
     5 | D        | Reached skill level 2 in Stealth
     7 | D        | Reached skill level 3 in Stealth
    16 | D        | Reached ** piety under Trog
    18 | D        | Reached skill level 4 in Stealth
   217 | D        | Reached skill level 7 in Stealth
   217 | D        | Reached XP level 2. HP: 14/14 MP: 3/3
   252 | D        | Gained mutation: You are clumsy. (Dex -2) [potion of
                  | mutation]
   252 | D        | Gained mutation: You have an increased reservoir of magic.
                  | (+10% MP) [potion of mutation]
   252 | D        | Gained mutation: You are somewhat resistant to further
                  | mutation. [potion of mutation]
   253 | D        | Lost mutation: You have an increased reservoir of magic.
                  | (+10% MP) [potion of mutation]
   253 | D        | Lost mutation: You are clumsy. (Dex -2) [potion of
                  | mutation]
   254 | D        | Lost mutation: You are somewhat resistant to further
                  | mutation. [potion of mutation]
   254 | D        | Gained mutation: Your skin changes colour to match your
                  | surroundings (Stealth+). [potion of mutation]
   254 | D        | Gained mutation: You are agile. (Dex +4, Str/Int -1)
                  | [potion of mutation]
   284 | D        | Noticed a water elemental
   287 | D        | Killed a water elemental
   287 | D        | Reached *** piety under Trog
   288 | D        | Reached skill level 5 in Dodging
   288 | D        | Reached skill level 9 in Stealth
   288 | D        | Reached XP level 3. HP: 18/18 MP: 4/4
   288 | D        | Reached XP level 4. HP: 22/22 MP: 5/5
   292 | D        | Found a radiant altar of Vehumet.
   293 | D        | Found a shimmering blue altar of Sif Muna.
   293 | D        | Found an ancient bone altar of Kikubaaqudgha.
   293 | D        | Noticed a wizard
   294 | D        | Killed a wizard
   295 | D        | Reached skill level 10 in Stealth
   311 | D        | Found a shadowy altar of Dithmenos.
   311 | D        | Noticed a necrophage
   312 | D        | Found a basalt altar of Yredelemnul.
   312 | D        | Found a sacrificial altar of Ru.
   313 | D        | Killed a necrophage
   313 | D        | Reached **** piety under Trog
   314 | D        | Reached skill level 5 in Fighting
   314 | D        | Reached skill level 11 in Stealth
   314 | D        | Reached skill level 5 in Unarmed Combat
   314 | D        | Reached XP level 5. HP: 26/26 MP: 6/6
   332 | D        | Found a glowing silver altar of Zin.
   333 | D        | Found a glowing golden altar of the Shining One.
   333 | D        | Found a white marble altar of Elyvilon.
   333 | D        | Noticed a deep elf pyromancer
   335 | D        | Killed a deep elf pyromancer
   336 | D        | Reached skill level 15 in Stealth
   336 | D        | Gained mutation: You are covered in thick fur. (AC +2)
                  | [Felid growth]
   336 | D        | Reached XP level 6. HP: 33/33 MP: 7/7
   336 | D        | Reached XP level 7. HP: 36/36 MP: 8/8
   343 | D        | Found a hide-covered altar of Uskayaw.
   343 | D        | Found an iron altar of Okawaru.
   344 | D        | Found a bloodstained altar of Trog.
   344 | D        | Found an ornate altar of the Wu Jian Council.
   344 | D        | Noticed a human
   344 | D        | Noticed a human
   346 | D        | Killed a human
   346 | D        | Reached ***** piety under Trog
   347 | D        | Reached skill level 10 in Dodging
   347 | D        | Killed a human
   348 | D        | Reached skill level 16 in Stealth
   363 | D        | Noticed a shadow
   365 | D        | Killed a shadow
   366 | D        | Reached XP level 8. HP: 40/40 MP: 9/9
   371 | D        | Found a blossoming altar of Fedhas.
   371 | D        | Found a stormy altar of Qazlal.
   371 | D        | Found a snail-covered altar of Cheibriados.
   371 | D        | Found a burning altar of Makhleb.
   371 | D        | Found a shimmering altar of Xom.
   372 | D        | Found a hazy altar of Hepliaklqana.
   372 | D        | Found an opulent altar of Gozag.
   372 | D        | Found a sparkling altar of Nemelex Xobeh.
   372 | D        | Found a corrupted altar of Lugonu.
   372 | D        | Found a viscous altar of Jiyva.
   382 | D        | Noticed Erica
   385 | D        | Collided with a rock wall
   386 | D        | Reached XP level 7. HP: -3/37 MP: 8/8
   418 | D        | Killed Erica
   419 | D        | Reached skill level 18 in Stealth
   419 | D        | Reached XP level 8. HP: 40/42 MP: 9/9
   463 | D        | Noticed a centaur warrior
   467 | D        | Killed a centaur warrior
   468 | D        | Reached skill level 19 in Stealth
   469 | D        | Reached skill level 10 in Fighting
   469 | D        | Reached skill level 10 in Unarmed Combat
   469 | D        | Reached XP level 9. HP: 46/46 MP: 10/10
   483 | D        | Noticed an unseen horror
   483 | D        | Noticed an unseen horror
   484 | D        | Killed an unseen horror
   484 | D        | Reached ****** piety under Trog
   486 | D        | Killed an unseen horror
   487 | D        | Reached skill level 20 in Stealth
   497 | D        | Noticed a queen bee
   501 | D        | Killed a queen bee
   542 | D        | Reached skill level 21 in Stealth
   543 | D        | Reached XP level 10. HP: 52/52 MP: 11/11
   588 | D        | Noticed Sigmund
   588 | D        | Noticed Edmund
   597 | D        | Killed Edmund
   604 | D        | Killed Sigmund
   605 | D        | Reached skill level 22 in Stealth
  1402 | D        | Noticed a cane toad
  1402 | D        | Noticed a cane toad
  1405 | D        | Killed a cane toad
  1406 | D        | Killed a cane toad
  1407 | D        | Reached XP level 11. HP: 58/58 MP: 12/12
  1443 | D        | Reached skill level 23 in Stealth
  1618 | D        | Noticed Rupert
  1622 | D        | Killed Rupert
  1629 | D        | Noticed a death yak
  1631 | D        | Noticed a death yak
  1653 | D        | Killed a death yak
  1787 | D        | Killed a death yak
  1788 | D        | Noticed an azure jelly
  1788 | D        | Noticed a death yak
  1788 | D        | Noticed an azure jelly
  1788 | D        | Noticed a death yak
  1902 | D        | Noticed a lindwurm
  1905 | D        | Killed a lindwurm
  1930 | D        | Noticed Urug
  1932 | D        | Killed Urug
  1933 | D        | Reached skill level 15 in Fighting
  1933 | D        | Reached skill level 15 in Unarmed Combat
  1960 | D        | Noticed an eight-headed hydra
  1960 | D        | Noticed a four-headed hydra
  1978 | D        | Killed a four-headed hydra
  2171 | D        | Noticed a death drake
  2174 | D        | Killed a death drake
  2181 | D        | Killed an eight-headed hydra
  2182 | D        | Gained mutation: Your thick and shaggy fur keeps you warm.
                  | (AC +3, rC+) [Felid growth]
  2182 | D        | Reached XP level 12. HP: 42/66 MP: 13/13
  2540 | D        | Found a blossoming altar of Fedhas.
  2617 | D        | Engulfed by a cloud of freezing vapour
  2618 | D        | Reached XP level 11. HP: 0/62 MP: 12/12
  2618 | D        | Noticed a six-headed hydra
  2618 | D        | Noticed Xtahua
  2618 | D        | Noticed a fire dragon
  2618 | D        | Killed a six-headed hydra
  2620 | D        | Killed a fire dragon
  2622 | D        | Killed Xtahua
  2625 | D        | Got a decaying rune of Zot
  2629 | D        | Noticed a fire dragon
  2633 | D        | Killed a fire dragon
  2634 | D        | Found Asutzogg's Magic Scroll Shoppe.
  2634 | D        | Noticed a fire dragon
  2635 | D        | Found Ituok's Antique Armour Shop.
  2635 | D        | Found Zuhy's Book Emporium.
  2635 | D        | Noticed a fire dragon
  2635 | D        | Noticed a fire dragon
  2635 | D        | Noticed a fire dragon
  2635 | D        | Slain by a fire dragon
  2636 | D        | Reached XP level 10. HP: -5/59 MP: 11/11
  2642 | D        | Mangled by a spriggan defender

Illustrated notes

Levels and vault maps discovered:
D:        dungeon_sprint_mu [sprint_mu_entry_forest, sprint_mu_temple_rooms,
          sprint_mu_d1_horrors, sprint_mu_d2_genie, sprint_mu_d3_branching,
          sprint_mu_orc_legion, sprint_mu_elf_gauntlet, sprint_mu_hive_nellie,
          sprint_mu_lair_fedhas, sprint_mu_vaults_butterflies,
          sprint_mu_slime_circle, sprint_mu_swamp_cave, sprint_mu_shoals_archi,
          sprint_mu_blade_basic, sprint_mu_crypt_fortress,
          sprint_mu_tomb_spiral, sprint_mu_vestibule_basic,
          sprint_mu_gehenna_hellfire, sprint_mu_dis_giant,
          sprint_mu_tartarus_statrot, sprint_mu_cocytus_islands, sprint_mu_zot1]

Skill      XL: |  1  2  3  4  5  6  7  8  9 10 11 12 |
---------------+-------------------------------------+-----
Stealth        | 7 9 11 15 18 19 21 22 23 | 23.0
Fighting       | 4 5 7 9 10 11 12 16 | 16.7
Dodging        | 5 6 9 11 12 14 16 21 20 | 21.2
Unarmed Combat | 4 5 7 9 10 11 12 16 | 16.7

Action                   |  1- 3 |  4- 6 |  7- 9 | 10-12 || total
-------------------------+-------+-------+-------+-------++-------
Melee: Unarmed           |    15 |     5 |    21 |    87 ||   128
       Bite              |     1 |       |     2 |    10 ||    13
       Punch             |       |       |       |     4 ||     4
Invok: Trog's Hand       |     1 |       |     2 |     7 ||    10
       Berserk           |     1 |       |     1 |     4 ||     6
       Brothers in Arms  |       |       |     2 |     3 ||     5
  Use: Potion            |     3 |       |     1 |     1 ||     5
       Scroll            |       |       |     1 |       ||     1
 Stab: Sleeping          |     3 |     5 |    11 |    18 ||    37
Armor: Skin              |       |       |       |     4 ||     4
Dodge: Dodged            |     4 |       |     6 |    77 ||    87
